Cogmind - Beta 15 @@@ ROGUE MODE // 2025.10.07 @ 21:57:10 Player: Oertel Result: Destroyed by D-53 Grenadier with Mini Grenade Launcher Performance ------------- Evolutions (1) 500 Regions Visited (3) 600 Robots Destroyed (31) 155 Value Destroyed (735) 735 Prototype IDs (0) 0 Alien Tech Used (0) 0 Bonus (0) 0 TOTAL SCORE: 1990 Bonus ------- None Cogmind --------- Core Integrity 0/400 Matter 228/300 Energy 65/250 System Corruption 10% Temperature Cool (0) Movement Walking (190) Ox1 Location -9/Mines Parts ------- > --- POWER (1) -------- Ion Engine > --- PROPULSION (3) --- Aluminum Leg Aluminum Leg Aluminum Leg > --- UTILITY (3) ------ Large Storage Unit Targeting Computer Improved Medium Armor Plating > --- WEAPON (2) ------- Light Assault Rifle Light Assault Rifle > --- INVENTORY (15) --- Light Ion Engine Aluminum Leg Medium Matter Pod (100) ECM Suite Power Shielding Light Armor Plating Light Armor Plating Field Recycling Unit (0) Peak State ------------ > --- POWER ------------ Improved Ion Engine > --- PROPULSION ------- Aluminum Leg Aluminum Leg Aluminum Leg > --- UTILITY ---------- Large Storage Unit Targeting Computer Power Shielding > --- WEAPON ----------- Heavy Assault Rifle Light Cannon > --- INVENTORY -------- Light Ion Engine Heat Sink Heat Sink Medium Matter Pod Medium Matter Pod Medium Matter Pod Medium Matter Pod ECM Suite Small Laser Light Assault Rifle Light Assault Rifle [Rating: 12] Favorites ----------- Power Improved Ion Engine Engine Improved Ion Engine Propulsion Aluminum Leg Leg Aluminum Leg Utility Large Storage Unit Storage Large Storage Unit Processor Targeting Computer Protection Power Shielding Weapon Assault Rifle Ballistic Gun Assault Rifle Ballistic Cannon Light Cannon Build | -11 -10 -9 -9 ------- Run | Yrd Mat Mat Min Slots Evolved 2 | . . 2 . Power . | . . . . Propulsion 1 | . . 1 . Utility 1 | . . 1 . Weapon . | . . . . Parts Attached 30 | 5 4 12 9 Power 4 | 1 1 1 1 Engine 4 | 1 1 1 1 Core . | . . . . Reactor . | . . . . Propulsion 11 | 2 . 5 4 Treads . | . . . . Leg 11 | 2 . 5 4 Wheel . | . . . . Hover . | . . . . Flight . | . . . . Utility 6 | . 2 2 2 Device . | . . . . Storage 1 | . 1 . . Processor 1 | . . 1 . Hackware . | . . . . Protection 4 | . 1 1 2 Artifact . | . . . . Weapon 9 | 2 1 4 2 Energy Gun . | . . . . Energy Cannon . | . . . . Ballistic Gun 8 | 2 . 4 2 Ballistic Cannon 1 | . 1 . . Launcher . | . . . . Special Weapon . | . . . . Impact Weapon . | . . . . Slashing Weapon . | . . . . Piercing Weapon . | . . . . Special Melee Weapon . | . . . . Unidentified Prototypes . | . . . . Parts Lost 16 | . 3 4 9 Power 2 | . 1 . 1 Propulsion 6 | . 1 1 4 Utility 2 | . . 1 1 Weapon 6 | . 1 2 3 Highest Loss Streak 7 | . 3 1 7 To Critical Strikes . | . . . . Average Backups 11 | . 9 12 14 Power 1 | . . 1 1 Propulsion 1 | . . . 3 Utility 6 | . 5 7 6 Weapon 2 | . 2 3 2 Tool/Special . | . . . . Unused Backups 15 | . . 7 8 Power 1 | . . . 1 Propulsion 2 | . . 1 1 Utility 11 | . . 5 6 Weapon 1 | . . 1 . Tool/Special . | . . . . Average Slot Usage (%) 94 | . 89 98 93 Engine 11 | . 12 10 10 Leg 30 | . 26 32 32 Storage 10 | . 10 11 11 Processor 7 | . . 10 11 Protection 9 | . 10 10 6 Ballistic Gun 21 | . 27 18 20 Ballistic Cannon 1 | . . 3 . Peak Build Rating 12 | 5 8 12 12 Average Rating 9 | 4 6 11 10 On Entrance 5 | . 5 6 11 Naked Turns . | . . . . Heaviest Build 35 | 7 28 35 34 Greatest Support 30 | 20 20 30 30 Greatest Overweight (x) 6 | . 2 1 6 Average Overweight (x) . | . . . 1 Largest Inventory Capacity 15 | 5 15 15 15 Average Capacity 13 | 5 12 15 15 Most Carried 15 | 2 15 15 15 Average Carried 11 | . 9 12 14 Final Capacity 15 | 5 15 15 15 Final Carried 15 | 2 14 15 8 Class Distribution -------------------- 56% | Mutant 43% | Scavenger-Mutant Dominant Class ---------------- Mutant | -10/Materials Mutant | -9/Materials Scavenger-Mutant | -9/Mines Resources | -11 -10 -9 -9 ----------- Run | Yrd Mat Mat Min Matter Collected 1017 | 269 186 487 75 Remotely . | . . . . Salvage Created 888 | 30 228 557 73 Parts 60 | 1 23 33 3 Haulers Intercepted . | . . . . Recyclers Shooed . | . . . . Parts Field Recycled . | . . . . Retrieved Matter . | . . . . Parts Self-Destructed . | . . . . Prevented . | . . . . Kills | -11 -10 -9 -9 ------- Run | Yrd Mat Mat Min Combat Hostiles Destroyed 27 | 1 8 16 2 Guns 27 | 1 8 16 2 Classes Destroyed 5 | 1 2 2 . Worker 1 | . 1 . . Watcher 3 | . . 3 . Swarmer 12 | . 5 7 . Grunt 12 | 1 3 6 2 Sentry 3 | . . 3 . Best Kill Streak 6 | 1 3 6 2 Combat Bots Only 6 | 1 3 6 2 Max Kills in Single Turn 1 | 1 1 1 1 Gunslinging . | . . . . Exploded . | . . . . Melee . | . . . . Uniques/NPCs Destroyed . | . . . . Combat | -11 -10 -9 -9 -------- Run | Yrd Mat Mat Min Hostile Shots Fired 191 | 8 67 79 37 Missed 51 | 4 20 19 8 Hits 140 | 4 47 60 29 Projectile 140 | 4 47 60 29 AOE 18 | . . . 18 Critical Strikes 4 | . 1 3 . Actively Blocked 1 | . 1 . . Damage Taken 2456 | 43 526 682 1205 Core 444 | 12 28 83 321 Absorbed by Shields . | . . . . Redirected to Shielding 17 | . 17 . . Regen/Repaired (Parts) 16 | . 16 . . Core Remaining (%) 89 | 95 84 . . Volleys Fired 87 | 6 24 47 10 Largest 2 | 2 2 2 2 Hottest 53 | 40 50 53 40 Shots Fired 173 | 12 48 94 19 Gun 161 | 12 46 84 19 Cannon 12 | . 2 10 . Launcher . | . . . . Special . | . . . . Kinetic 173 | 12 48 94 19 Thermal . | . . . . Explosive . | . . . . Electromagnetic . | . . . . Robot Hit Streak 17 | 6 4 17 10 Robot Miss Streak 4 | 2 3 4 2 Penetration Max . | . . . . Secondary Targets 3 | . 2 . 1 Max Gunslinging Chain 1 | . 1 . 1 Shots Hit Robots 107 | 8 27 59 13 Core Hits 46 | 2 11 28 5 Critical Kills . | . . . . Critical Parts Destroyed . | . . . . Critical Strikes 2 | . . 2 . Blast 2 | . . 2 . Melee Attacks . | . . . . Impact . | . . . . Slashing . | . . . . Piercing . | . . . . Sneak Attacks . | . . . . Combat Hostiles . | . . . . Follow-up Attacks . | . . . . Damage Inflicted 1464 | 117 365 821 161 Guns 1321 | 117 361 690 153 Cannons 131 | . . 131 . Explosions . | . . . . Melee . | . . . . Ramming 12 | . 4 . 8 Kinetic 1452 | 117 361 821 153 Thermal . | . . . . Explosive . | . . . . Electromagnetic . | . . . . Impact . | . . . . Slashing . | . . . . Piercing . | . . . . Highest Corruption 10 | . . . 10 Average Corruption 10 | . . . 10 Corruption Purged . | . . . . Corruption Blocked . | . . . . Effects 1 | . . . 1 Data Loss (major) 1 | . . . 1 Overload Shots . | . . . . Overflow Damage 10 | . . 10 . Projectiles 10 | . . 10 . Explosions . | . . . . Melee . | . . . . Knockbacks 1 | . . 1 . Impact . | . . . . Kinetic 1 | . . 1 . Secondary . | . . . . Self-Inflicted Damage . | . . . . Shots . | . . . . Rammed . | . . . . Targets Rammed 3 | . 2 . 1 Kicked 3 | . 2 . 1 Crushed . | . . . . Highest Temperature 11 | . 6 11 . Average Temperature 3 | . 3 3 . Received Heat Transfer 648 | 24 228 297 99 Siege Activations . | . . . . Martial Activations . | . . . . Shielding Activations . | . . . . Robots Disrupted . | . . . . Combat Hostiles . | . . . . Robots Corrupted . | . . . . Combat Hostiles . | . . . . Parts Fried . | . . . . Impact Corruptions . | . . . . Robots Melted . | . . . . Combat Hostiles . | . . . . Parts Melted . | . . . . Heat Transferred . | . . . . Parts Sabotaged . | . . . . Parts Stolen . | . . . . Parts Stripped . | . . . . Power Chain Reactions . | . . . . Alert | -11 -10 -9 -9 ------- Run | Yrd Mat Mat Min Maximum Alert Level 1 | . . 1 . Low Security (%) 90 | 100 100 78 100 Level 1 9 | . . 21 . Level 2 . | . . . . Level 3 . | . . . . Level 4 . | . . . . Level 5 . | . . . . High Security . | . . . . Max Security . | . . . . Peak Influence 231 | 10 80 231 74 Initial 74 | . 6 33 74 Average 48 | 1 27 79 23 Influence Increases 840 | 20 275 480 65 Destroy 0b10 Robot/C 540 | 20 160 320 40 Destroy 0b10 Robot/NC 20 | . 5 15 . Destroy Leader 116 | . 40 66 10 Successful Hack 9 | . 9 . . Disable Machine 15 | . . . 15 Destroy Structure 5 | . 1 4 . Partial Spotted 15 | . 15 . . Lose Combat Pursuer 120 | . 45 75 . Influence Decreases 840 | 10 205 368 257 Entered New Map 169 | . 4 47 118 Time Decay 591 | 10 171 291 119 Lost Part 80 | . 30 30 20 Squads Dispatched 3 | . 2 1 . Investigation 2 | . 1 1 . Extermination . | . . . . Reinforcement 1 | . 1 . . Assault . | . . . . Garrison . | . . . . Intercept . | . . . . Searches Triggered . | . . . . Construction Impeded . | . . . . Haulers Reinforced . | . . . . Active Scanning Responses . | . . . . Cargo Convoy Interrupts . | . . . . Stealth | -11 -10 -9 -9 --------- Run | Yrd Mat Mat Min Distress Signals 3 | . 1 2 . Communications Jammed . | . . . . Distress Signals . | . . . . Times Spotted 48 | 1 14 29 4 Peak Tracking Total 8 | 1 4 8 2 Tactical Retreats 6 | . 2 4 . Traps | -11 -10 -9 -9 ------- Run | Yrd Mat Mat Min Traps Triggered 1 | . . . 1 Indirectly . | . . . . Trap Hack Attempts . | . . . . Triggered . | . . . . Disarmed . | . . . . Reprogrammed . | . . . . Reused . | . . . . Traps Extracted . | . . . . Installed . | . . . . Triggered . | . . . . Machines | -11 -10 -9 -9 ---------- Run | Yrd Mat Mat Min Machines Disabled 1 | . . . 1 Max in Single Turn 1 | . . . 1 Machines Repaired . | . . . . Machines Dismantled . | . . . . Machines Sabotaged . | . . . . Overloaded Fab Kills . | . . . . Hacking | -11 -10 -9 -9 --------- Run | Yrd Mat Mat Min Machines Accessed 7 | . 5 1 1 Terminals 5 | . 4 1 . Fabricators . | . . . . Repair Stations 1 | . 1 . . Recycling Units . | . . . . Scanalyzers . | . . . . Garrison Access . | . . . . Total Hacks 23 | . 18 4 1 Successful 13 | . 10 2 1 Failed 9 | . 8 1 . Catastrophic . | . . . . Database Lockouts 1 | . . 1 . Manual . | . . . . Terminals 18 | . 14 4 . Fabricators . | . . . . Repair Stations 4 | . 4 . . Recycling Units . | . . . . Scanalyzers . | . . . . Garrison Access . | . . . . Terminal Hacks 9 | . 6 2 1 Record 4 | . 2 2 . Open Door 1 | . . . 1 Locate Traps 2 | . 2 . . Hauler Manifests 1 | . 1 . . Zone Layout 1 | . 1 . . Fabricator Hacks . | . . . . Repair Station Hacks 4 | . 4 . . Scan Component 2 | . 2 . . Repair 2 | . 2 . . Recycling Unit Hacks . | . . . . Scanalyzer . | . . . . Garrison Access Hacks . | . . . . Unauthorized Hacks . | . . . . Terminals . | . . . . Fabricators . | . . . . Repair Stations . | . . . . Recycling Units . | . . . . Scanalyzers . | . . . . Garrison Access . | . . . . Data Cores Recovered . | . . . . Used . | . . . . Hacking Detections 4 | . 3 1 . Full Trace Events 2 | . 1 1 . Feedback Events . | . . . . Feedback Blocked . | . . . . Robot Schematics Acquired . | . . . . Robots Built . | . . . . Authchips . | . . . . Time . | . . . . Total Robot Build Rating . | . . . . Part Schematics Acquired . | . . . . Parts Built . | . . . . Authchips . | . . . . Time . | . . . . Total Part Build Rating . | . . . . Parts Repaired 2 | . 2 . . Time 52 | . 52 . . Parts Recycled . | . . . . Recycled Matter . | . . . . Retrieved Matter . | . . . . Retrieved Components . | . . . . Parts Scanalyzed . | . . . . Part Schematics Acquired . | . . . . Parts Damaged . | . . . . Bothacking | -11 -10 -9 -9 ------------ Run | Yrd Mat Mat Min Used RIF Installer . | . . . . Robots Hacked . | . . . . Non-combat . | . . . . Combat . | . . . . Robot Hacks Applied . | . . . . Relay Couplers Released . | . . . . Fabnet Peak Effective % . | . . . . Robots Rewired . | . . . . Allies Hacked . | . . . . Hacks Repelled . | . . . . Allies | -11 -10 -9 -9 -------- Run | Yrd Mat Mat Min Total Allies . | . . . . Largest Group . | . . . . Highest-Rated Group . | . . . . Highest-Rated Ally . | . . . . Total Orders . | . . . . Ally Attacks . | . . . . Total Damage . | . . . . Kills . | . . . . Allies Corrupted . | . . . . Allies Melted . | . . . . Intel | -11 -10 -9 -9 ------- Run | Yrd Mat Mat Min Active Infowar (turns) . | . . . . Robot Analysis Total . | . . . . Derelict Logs Recovered 1 | . . . 1 Drone Launches . | . . . . Drone Recoveries . | . . . . Exploration | -11 -10 -9 -9 ------------- Run | Yrd Mat Mat Min Turns Passed 1940 | 111 517 865 447 Spaces Moved 870 | 78 245 335 212 Core 15 | 14 . . 1 Treads . | . . . . Legs 855 | 64 245 335 211 Wheels . | . . . . Hover . | . . . . Flight . | . . . . Fastest Speed 50 | 50 120 120 120 Average Speed 175 | 107 171 186 189 Slowest Speed 350 | 120 260 190 350 Overloaded Moves . | . . . . Propulsion Burnouts . | . . . . Robots Hopped . | . . . . Potential Cave-ins . | . . . . Cave-ins Triggered 1 | . . . 1 Exploration Rate (%) 29 | 6 45 27 39 Regions Visited 3 Branch Regions 1 Pre-discovered Areas . | . . . . Known Exits Taken . | . . . . Unknown Exits Taken 3 | 1 1 1 . Scrap Searched 2 | . . . 2 Spaces Dug . | . . . . Terrain Destroyed . | . . . . Melee . | . . . . Projectile . | . . . . AOE . | . . . . Terrain Rammed . | . . . . Walls Destroyed . | . . . . Machines Disabled . | . . . . Actions | -11 -10 -9 -9 --------- Run | Yrd Mat Mat Min Total 1112 | 91 294 485 242 Wait 70 | . 3 67 . Move 867 | 77 244 334 212 Hop . | . . . . Pick Up 39 | 3 15 15 6 Fast Attach 10 | 4 3 3 . Attach 18 | 1 2 5 10 Detach . | . . . . Swap 4 | . . 4 . Drop 14 | . 1 10 3 Fire 87 | 6 24 47 10 Melee . | . . . . Ram . | . . . . Kick 3 | . 2 . 1 Crush . | . . . . Escape Stasis . | . . . . Rewire . | . . . . Trap . | . . . . Miscellaneous . | . . . . Route ------- -11/Scrapyard -10/Materials (discovered 2 exits: *Mat / [*Min]) -9/Materials -9/Mines (discovered 1 exit: [*Mat]) History --------- Turn | Location | Event 2 | -11/Scrapyard | Met Revision 17 79 | -11/Scrapyard | Discovered new exit (range 8) 112 | -11/Scrapyard | Entered Materials 276 | -10/Materials | Discovered new exit (range 12) 302 | -10/Materials | Build established: Mutant 447 | -10/Materials | Discovered new exit (range 3) 482 | -10/Materials | Repaired Aluminum Leg 508 | -10/Materials | Repaired Lgt. Ion Engine 629 | -10/Materials | Entered another Materials area 629 | -9/Materials | Evolved 2 slots: Propulsion x1, Utility x1 640 | -9/Materials | Lost 3 parts (1p1n1w) 1083 | -9/Materials | Central database locked down 1371 | -9/Materials | Build established: Scavenger-Mutant 1392 | -9/Materials | Discovered new exit (range 11) 1494 | -9/Materials | Entered Mines 1714 | -9/Mines | Met a Derelict who couldn't figure out how to use a Trap Extractor 1808 | -9/Mines | Discovered new exit (range 12) 1879 | -9/Mines | Learned Materials emergency access door positions 1890 | -9/Mines | Assembled infested the area 1912 | -9/Mines | Crushed by falling debris 1912 | -9/Mines | Core integrity fell below 50% 1912 | -9/Mines | System corruption reached 10% 1929 | -9/Mines | Core integrity fell below 20% 1941 | -9/Mines | Destroyed by D-53 Grenadier with Mini Grenade Launcher Last Messages --------------- data lost. 01920_ U-05 Engineer lays Concrete. 01921_ The unstable cave ceiling collapses. 01921_ U-05 Engineer lays Concrete. 01921_ Imp. Ion Engine destroyed. 01921_ Aluminum Leg destroyed. 01922_ U-05 Engineer builds a Wall. 01924_ Aluminum Leg destroyed. 01926_ U-05 Engineer lays Concrete. 01928_ K-01 Serf collects debris. 01928_ U-05 Engineer lays Concrete. 01929_ U-05 Engineer builds a Wall. 01932_ The unstable cave ceiling collapses. 01933_ K-01 Serf collects debris. 01934_ The unstable cave ceiling collapses. 01934_ Wheel crushed. 01934_ U-05 Engineer builds a Wall. 01935_ The unstable cave ceiling collapses. 01938_ U-05 Engineer lays Concrete. 01941_ U-05 Engineer builds a Wall. Map ----- +----------------------------------------------------+ | | | | | | | | | | | | | ?????????????????????????????????????????????????? | | ?????????????????????????????????????????????????? | | ?????????????????????????????????????????????????? | | ????????????????????????????## #????????????????? | | ??????????????????????????? ##??????????????? | | ?????????????????????????? ##?????????????? | | ?????????????????????????? #????#????????? | | ?????????????????????????? #???# ????????? | | ??????????????????????????? ##?# ????????? | | ???????????????????????????? ## ????????? | | ????????????????????????????# ????????? | | ????????######?????????????## #????????# | | ???????##""""##???????????## #?# #?????### | | ???????#"]!!= #???????##### #### #????? | | ???????# / "#??????## ## #???? | | ????#### ! ####???# # #???# | | ???## # ## ##?## d #### | | ???# X #?# d ## | | ???# ### # | | ??## ## ## @ u= | | ?## #### % | | ## #??## ### # !# ## #### | | # #???## #?## # ## # ## ##??? | | # #???## ##?# ##### ## #?# #???? | | ## ##??## #?### ###????##### #?? #???? | | ?#######??## #???# #??????????## ##?? #???? | | ??????????# #??## %#######?????#[#????#???? | | ?????????## ##??# % #?????#%#????????? | | ?????????# ###???# #?????#=#????????? | | ?????????# ##?????# #######%#????????? | | ????????## #??????# """ %*=%#????????? | | ????##### ##??????# """ ######!##????????? | | ???## ##???????# """ #????# #?????????? | | ???# ###????????# < #???? ?????????? | | ???# ##??????????# #???## ##????????? | | ???# #???????????###########????# #?????????? | | ???# ##??????????????????????????# #?????????? | | ???# %##???????????????????????????# #?????????? | | ???# ##????????????????????????????# #?????????? | | ???# ##????????????????????????????? ??????????? | | ???# #??????????????????????????????##??????????? | | ???# #??????????????????????????????????????????? | | #### ########???????????????????????????????????? | | # % #???????????????????????????????????? | +----------------------------------------------------+ Best States ------------- Heat Dissipation 28 Energy Generation 12 Energy Capacity 265 Matter Stores 300 Matter Capacity 300 Sight Range 16 Terrain Scan Density 10 Armor Coverage 225 Power Shielding 33 Evasion (%) 55 Targeting Accuracy 5 Item Schematics ----------------- None Robot Schematics ------------------ None Fabricated ------------ Nothing Repaired ---------- Lgt. Ion Engine | 60% | -10/Materials Alien Tech Used ----------------- None Achievements -------------- System Compromised Unlikely Earthworm Challenges ------------ None Game ------ Seed MicroRagnarokBay Manual? 0 Play Time 00:33:12 Cumulative 6.5 hours Start 2025.10.07 @ 21:14:50 End 2025.10.07 @ 21:57:10 Sessions 1 Manual Loads 0 Difficulty Rogue Special Mode None Game No. 4 Rogue 4 Adventurer 0 Explorer 0 Win Type - Total 0 Types 0/0/0/0/0/0/0/0/0/0 Lore% 3 Gallery% 5 Achievement% 10 Wizard Run 0 Options --------- Layout 1 ASCII 0 Keyboard 0 Movement Mouse Keybinds 0 Fullscreen 2 Font 32/Tamsyn Map View 50x35 Zoom Use 0% Tactical HUD 1 Map Filters NONE Filters NONE Steam 1 RUN: 5e3daf8f-d334-4658-95de-5b90195e632d